Map: Ruinas de Endión

Players

xXkazperXx

  • Race: Zerg Zerg
  • League: Bronze

RANURA DE IA (Élite) - Winner!

  • Race: Protoss Protoss

VOD

Have the link to the VOD?

Description

Time

  • Played on: April 10, 2016, 5:09 p.m.
  • Length: 9:10
Show
View Real Time Build Order
Export as new Build Order

xXkazperXx Zerg 

Build Orders: Pool First 

Get SALT Encoding   

  12  0:01  Drone  
  13  0:10  Drone  
  14  0:27  Spawning Pool  
  13  0:31  Drone  
  14  0:39  Overlord  
  14  1:00  Extractor  
  13  1:04  Drone x2  
  13  1:05  Drone  
  16  1:13  Queen  
  18  1:20  Drone  
  19  1:31  Zergling x2  
  20  1:50  Zergling x4  
  22  1:56  Roach Warren  
  21  2:10  Zergling x2  
  21  2:12  Overlord  
  22  2:35  Roach x2  
  22  2:36  Roach x2  
  30  2:55  Spine Crawler  
  29  2:59  Roach, Spine Crawler  
  29  3:00  Overlord  
  30  3:06  Lair  
  30  3:10  Extractor  
  30  3:11  Drone  
  30  3:22  Drone x3  
  33  3:37  Roach  
  35  3:58  Roach  
  35  4:00  Overlord, Zergling x2  
  38  4:18  Hydralisk Den  
  38  4:21  Overseer  
  37  4:36  Roach x3  
  24  5:45  Hydralisk x2  
  24  5:46  Hydralisk x4  
  36  5:52  Spire  
  35  6:14  Hatchery  
  34  6:28  Queen  
  36  6:39  Drone  
  37  6:41  Drone  
  38  6:50  Drone  
  39  6:59  Drone  
  39  7:00  Drone  
  41  7:29  Overseer  
  41  7:31  Drone  
  41  7:33  Drone x4  
  46  7:53  Drone x2  
  46  7:54  Drone x3  
  51  8:01  Extractor  
  51  8:03  Zergling x2  
  51  8:14  Overlord x2  
  51  8:37  Drone x3  
  54  8:43  Extractor  
  54  8:44  Drone x3  
Show
View Real Time Build Order
Export as new Build Order

RANURA DE IA (Élite) Protoss - Winner!

Build Orders: Zealot Archon, Dark Templar Rush 

Get SALT Encoding   

  12  0:01  Probe (Chrono Boost)  
  13  0:11  Probe (Chrono Boost)  
  14  0:20  Pylon  
  14  0:22  Probe (Chrono Boost)  
  15  0:39  Probe (Chrono Boost)  
  16  0:48  Assimilator  
  16  0:49  Probe (Chrono Boost)  
  17  0:51  Gateway  
  17  0:59  Pylon  
  17  1:00  Probe (Chrono Boost)  
  18  1:10  Probe (Chrono Boost)  
  19  1:21  Probe (Chrono Boost)  
  20  1:32  Probe (Chrono Boost)  
  21  1:33  Assimilator  
  21  1:38  Zealot  
  21  1:43  Probe (Chrono Boost), Cybernetics Core  
  25  1:54  Probe (Chrono Boost)  
  25  2:04  Zealot  
  25  2:06  Probe (Chrono Boost)  
  28  2:11  Warp Gate  
  28  2:16  Pylon  
  28  2:17  Probe (Chrono Boost)  
  29  2:23  Twilight Council  
  29  2:29  Stalker  
  29  2:35  Gateway  
  31  2:47  Probe (Chrono Boost)  
  32  2:58  Probe (Chrono Boost)  
  33  3:01  Gateway  
  33  3:04  Dark Shrine  
  33  3:10  Probe (Chrono Boost), Pylon  
  34  3:15  Zealot  
  36  3:21  Probe (Chrono Boost)  
  36  3:22  Zealot  
  39  3:29  Pylon  
  39  3:53  Probe (Chrono Boost)  
  40  4:01  Adept  
  40  4:03  Pylon  
  40  4:05  Nexus  
  42  4:18  Dark Templar  
  42  4:19  Dark Templar  
  46  4:33  Archon  
  46  4:36  Stalker  
  48  4:48  Dark Templar  
  48  4:50  Dark Templar  
  52  4:58  Stalker  
  54  5:08  Archon  
  54  5:11  Pylon  
  54  5:19  Stalker  
  54  5:20  Dark Templar  
  54  5:30  Probe (Chrono Boost)  
  54  5:32  Probe (Chrono Boost)  
  56  5:37  Dark Templar  
  56  5:38  Assimilator  
  56  5:41  Probe (Chrono Boost)  
  59  5:42  Assimilator  
  59  5:43  Probe (Chrono Boost)  
  59  5:46  Archon  
  60  5:52  Probe (Chrono Boost)  
  60  5:55  Probe (Chrono Boost)  
  62  6:01  Dark Templar  
  62  6:04  Probe (Chrono Boost)  
  65  6:06  Probe (Chrono Boost)  
  66  6:15  Dark Templar, Probe (Chrono Boost)  
  66  6:17  Probe (Chrono Boost)  
  70  6:25  Sentry  
  73  6:26  Probe (Chrono Boost), Archon  
  73  6:28  Probe (Chrono Boost)  
  73  6:31  Adept  
  73  6:32  Pylon  
  76  6:37  Probe (Chrono Boost)  
  78  6:40  Probe (Chrono Boost)  
  78  6:45  Dark Templar  
  80  6:49  Probe (Chrono Boost)  
  80  6:50  Dark Templar  
  80  6:51  Probe (Chrono Boost), Pylon  
  84  6:54  Stalker  
  84  7:00  Probe (Chrono Boost)  
  87  7:03  Probe (Chrono Boost)  
  88  7:09  Archon  
  88  7:12  Probe (Chrono Boost)  
  88  7:13  Pylon  
  88  7:14  Probe (Chrono Boost)  
  90  7:16  Dark Templar, Sentry  
  90  7:21  Stalker  
  96  7:33  Pylon  
  96  7:37  Dark Templar  
  96  7:44  Robotics Facility  
  98  7:48  Forge  
  98  7:49  Nexus  
  98  7:53  Stalker  
  98  7:58  Stalker  
  102  8:03  Forge  
  102  8:19  Archon  
  102  8:21  Stalker  
  102  8:26  Stalker, Pylon  
  106  8:30  Stalker  
  106  8:32  Observer  
  109  8:42  Stalker  
  109  8:43  Pylon  
  109  8:47  Adept  
  113  8:50  Pylon  
  113  8:54  Zealot  
  117  9:05  Zealot  
Tags
 
Add a new tag
Caveats
  • Supply blocks, unpowered buildings, or Contaminate may cause inaccurate times.
  • Supply counts are checked every 10 seconds.